[Event "Early-Titled-Tuesday-Blitz-March-19-2024"]
[Site "Chess.com"]
[Date "2024.03.19"]
[Round "4"]
[White "Lennis93"]
[Black "malakismayil"]
[Result "1-0"]
[WhiteElo "2769"]
[BlackElo "2511"]
[TimeControl "180+1"]
[EndTime "8:41:24 PDT"]
[Termination "Lennis93 won by checkmate"]

1. d4 d5 2. Nf3 e6 3. c4 Nf6 4.
Nc3 Bb4 5. Qa4+ Nc6 6. Ne5 Bxc3+ 7. bxc3 Bd7 8. Nxd7 Qxd7 9. Ba3 Ne5 10. Qxd7+ Nexd7 11. Rb1 O-O-O 12. f3 Nb6 13. c5 Nc4 14. Bc1 e5 15. e3 exd4 16. cxd4 Rhe8 17. Kf2 Na5 18. Bd2 Nc6 19.
Bb5 Re6 20. Rb3 Ne7 21. Rhb1 h5 22. Bd3 b6 23. Ra3 Kb8 24. h3 g5 25. Rb4 g4 26.
Rba4 Nc6 27. Bb5 a5 28. Rc3 Na7 29. Bf1 gxf3 30. gxf3 Rg8 31. Rb3 Ka8 32. Rba3 h4 33.
Bxa5 bxa5 34. Rxa5 Kb7 35. Rxa7+ Kc6 36. Rb3 Kd7 37. Bb5+ Kd8 38. a4 Rg3 39. Bf1 Nh5 40. Rb8+ Kd7 41. Rbb7 Rf6 42. Rxc7+ Kd8 43. Be2 Rxh3 44.
Rd7+ Ke8 45. Rxd5 Ng3 46. Re5+ Kf8 47. Bb5 Kg7 48. Rg5+ Kh6 49. Rg8 Rh2+ 50. Kg1 Rb2 51. Rg4 Rxf3 52. Rxh4+ Kg5 53. Rf4 Rxf4 54. exf4+ Kxf4 55. Rxf7+ Ke3 56. d5 Ne4 57. c6 Nd6 58. c7 Rb1+ 59.
Rf1 Rb2 60. Rf6 Ne4 61. c8=Q Rb1+ 62. Rf1 Rb2 63. Qh3+ Kd4 64. Qd3+ Ke5 65. Re1 Rb4 66. Rxe4+ Rxe4 67. Qxe4+ Kxe4 68. d6 Kd5 69. d7 Kc5 70.
d8=Q Kb4 71. Qb6 Ka3 72. a5 Kb3 73. a6 Kc3 74. a7 Kb4 75. a8=Q Kc3 76. Qa4 Kd2 77.
Qf2+ Kc1 78. Qa1# 1-0

[Event "Early-Titled-Tuesday-Blitz-March-19-2024"]
[Site "Chess.com"]
[Date "2024.03.19"]
[Round "4"]
[White "Kunalm64"]
[Black "Antipov_Mikhail_Al"]
[Result "1/2-1/2"]
[WhiteElo "2637"]
[BlackElo "2909"]
[TimeControl "180+1"]
[EndTime "8:41:25 PDT"]
[Termination "Game drawn by stalemate"]

1. e4 c5 2. Nf3 Nc6 3. Bb5 e5 4.
O-O Bd6 5. c3 a6 6. Bxc6 dxc6 7.
d4 exd4 8. cxd4 Bg4 9. dxc5 Bxc5 10. Qb3 Qe7 11. Be3 Bxe3 12. Qxe3 Nf6 13. Nc3 O-O 14. h3 Bxf3 15. Qxf3 Rad8 16. Rad1 Nd7 17. Qe2 Ne5 18. Rxd8 Rxd8 19. Rd1 g6 20. f4 Qc5+ 21. Kh2 Rxd1 22.
Nxd1 Nc4 23. b3 Nd6 24. e5 Nf5 25. Nf2 Qd4 26. Qf3 h5 27. g4 hxg4 28. hxg4 Nh4 29. Qg3 g5 30. fxg5 Ng6 31. Nd3 Qe4 32. Nf2 Qe2 33. e6 Qxe6 34. Qb8+ Kg7 35. Qxb7 Qd6+ 36. Kg1 a5 37. Qb6 Qd5 38. Qe3 Nh4 39. Qc3+ Kg6 40. Qd3+ Kxg5 41. Qxd5+ cxd5 42. a3 Kf4 43. b4 axb4 44.
axb4 Nf3+ 45. Kf1 Nd4 46. Kg2 f6 47. Kh3 Ke3 48. Nd1+ Kd2 49. Nf2 Kc3 50. g5 fxg5 51.
Kg4 Kxb4 52. Kxg5 Kc3 53. Kf4 Nc2 54. Ke5 d4 55. Ne4+ Kd3 56. Nc5+ Ke3 57. Kd5 Ne1 58. Kc4 Nf3 59. Nb3 d3 60. Kc3 Ng5 61. Nd2 Nf7 62.
Nc4+ Ke2 63. Nd2 Nd6 64. Nb3 Ke3 65. Kb2 Nf5 66. Kc1 Nd4 67. Nxd4 Kxd4 68. Kd2 Kc4 69. Kd1 Kc3 70. Kc1 Kc4 71. Kd2 Kd4 72. Kd1 Ke4 73.
Kd2 Kd4 74. Kd1 Ke3 75. Ke1 d2+ 76. Kd1 Kd3 1/2-1/2

[Event "Early-Titled-Tuesday-Blitz-March-19-2024"]
[Site "Chess.com"]
[Date "2024.03.19"]
[Round "4"]
[White "Fh2411"]
[Black "Tol_Tol"]
[Result "1-0"]
[WhiteElo "2638"]
[BlackElo "2424"]
[TimeControl "180+1"]
[EndTime "8:41:26 PDT"]
[Termination "Fh2411 won on time"]

1. d4 Nf6 2. Nf3 g6 3. Bg5 Bg7 4. e3 O-O 5. c4 c5 6. Nc3 h6 7.
Bh4 cxd4 8. Nxd4 Nc6 9. Be2 d6 10. O-O Bd7 11. Rc1 Rc8 12. Qd2 a6 13. Rfd1 Nxd4 14. exd4 g5 15. Bg3 d5 16. Nxd5 Nxd5 17. cxd5 Qb6 18. Be5 f6 19. Bg3 Rfd8 20. h3 Be8 21.
Bf3 Bf7 22. Rxc8 Rxc8 23. Re1 Bf8 24. a3 Rc4 25. Rd1 Qb3 26. Qd3 Qxd3 27. Rxd3 Rc2 28. Rb3 b5 29. a4 bxa4 30. Rb8 Kg7 31. Rb7 Kg8 32. Bb8 Rd2 33. Ba7 h5 34. Bc5 g4 35.
hxg4 hxg4 36. Be4 Re2 37. f3 f5 38. Bxf5 gxf3 39. gxf3 Bxd5 40. Rb8 Bxf3 41. Bd3 Rg2+ 42. Kf1 Kg7 43. Rb6 Bd5 44. Bc4 Rg5 45. Bxd5 Rxd5 46.
Rxa6 e5 47. Ra7+ Kg8 48. Ra8 Rxc5 49. dxc5 Kf7 50. c6 Ke7 51. Rxf8 Kd6 52. c7 Kxc7 53. Re8 Kd6 54. Ke2 a3 55. bxa3 Kd5 56. Ke3 e4 57.
a4 Kc5 58. Rxe4 Kb6 59. Kd3 Ka5 60. Rc4 Ka6 61. Kc3 Ka5 62. Rb4 Ka6 63. Kb3 Ka7 64. Rb5 Ka8 65. Kb4 Ka7 66. a5 Ka6 67. Ka4 Ka7 68.
Rh5 Ka8 69. Rh7 Kb8 70. Kb5 Ka8 71. Kb6 1-0

[Event "Early-Titled-Tuesday-Blitz-March-19-2024"]
[Site "Chess.com"]
[Date "2024.03.19"]
[Round "4"]
[White "Nuvas"]
[Black "tetrix83"]
[Result "1-0"]
[WhiteElo "2832"]
[BlackElo "2602"]
[TimeControl "180+1"]
[EndTime "8:41:36 PDT"]
[Termination "Nuvas won on time"]

1. d4 Nf6 2. c4 g6 3. Nc3 Bg7 4.
e4 d6 5. Be2 O-O 6. Bg5 Na6 7.
Qd2 e5 8. d5 c6 9. h4 cxd5 10.
cxd5 Bd7 11. h5 Nc5 12. f3 a5 13. Nh3 b5 14. h6 Bh8 15. Nxb5 Qb6 16. Nc3 Rfb8 17.
Rb1 a4 18. Be3 Nh5 19. Kf2 Nf4 20. Ng1 f5 21. g3 fxe4 22. Nxe4 Nxe2 23. Nxc5 dxc5 24. Nxe2 Bf5 25. Rbd1 Qxb2 26. g4 Bd7 27. Ng3 a3 28. Ne4 Rf8 29. Kg2 Rab8 30. Bxc5 Rfc8 31.
Rhe1 Ba4 32. Rc1 Qxd2+ 33. Nxd2 Rb2 34. Be3 Rcc2 35. Rxc2 Rxc2 36. Rb1 Rb2 37. Rc1 Rc2 38. Rxc2 Bxc2 39. Nc4 Bb1 40. d6 Kf7 41. Nxa3 Bxa2 42. Nb5 Ke6 43. Bc5 Bc4 44. Nc7+ Kd7 45. Kg3 Bf6 46.
Bb4 Bg5 47. Bc5 Bf4+ 48. Kf2 Bxh6 49. Na8 Kc6 50. Nb6 Be6 51. Na4 Bf8 52. Bb4 Bxd6 53. Bxd6 Kxd6 54. Nc3 Ke7 55. Ne4 Bd5 56. Nc3 Bc6 57.
Kg3 Ke6 58. Na4 h6 59. Nc5+ Kd5 60. Nd3 Ke6 61. Nc5+ Kf6 62. Nd3 e4 63. fxe4 Bxe4 64. Nf2 Bd5 65. Kf4 g5+ 66. Kg3 Ke5 67. Nd3+ Kd4 68. Nb4 Be6 69. Nc2+ Kd3 70. Ne1+ Ke3 71. Nf3 Ke4 72. Nd2+ Kd3 73. Nf3 Ke4 74. Nd2+ Kd5 75. Nf3 Bd7 76. Ne1 Bb5 77. Nc2 Ke4 78. Ne1 Ba4 79. Nf3 Bd1 80. Nd2+ Kd4 81. Nf1 1-0

[Event "Early-Titled-Tuesday-Blitz-March-19-2024"]
[Site "Chess.com"]
[Date "2024.03.19"]
[Round "4"]
[White "SlavenPastar"]
[Black "MarcoRiehle"]
[Result "0-1"]
[WhiteElo "2582"]
[BlackElo "2812"]
[TimeControl "180+1"]
[EndTime "8:41:36 PDT"]
[Termination "MarcoRiehle won on time"]

1. b3 e5 2. Bb2 Nc6 3. Nf3 e4 4.
Nd4 Nxd4 5. Bxd4 c5 6. Bb2 Nf6 7. d3 exd3 8. cxd3 d5 9. e3 Bd6 10. Be2 O-O 11. O-O Bf5 12. Nd2 Rc8 13. Nf3 Re8 14.
Rc1 a6 15. d4 Ne4 16. dxc5 Bxc5 17. Nd4 Bg6 18. Bh5 Qd7 19. Qg4 f5 20. Qd1 Bxd4 21.
Rxc8 Rxc8 22. Bxd4 Qc6 23. Bf3 Bf7 24. Qa1 Nd2 25.
Rd1 Nxf3+ 26. gxf3 b5 27. Qb1 Bg6 28. Qb2 Qc7 29.
Qe2 f4 30. e4 dxe4 31. fxe4 Qc2 32. Rd2 Qxe4 33. Qxe4 Bxe4 34. f3 Bxf3 35. Be5 g5 36. Rd7 h6 37. Rg7+ Kf8 38. Rh7 Rc2 39. Rxh6 Rg2+ 40. Kf1 Rxa2 41. Rg6 g4 42. Rf6+ Ke7 43.
Rxf4 Ke6 44. Bc3 a5 45. Bd4 Kd5 46. Bg7 a4 47. bxa4 bxa4 48. Bf8 Kc6 49. Kg1 Kb5 50. h3 Ra1+ 51. Kf2 Ra2+ 52. Ke3 Rg2 53. hxg4 Bxg4 54.
Rd4 Be6 55. Rb4+ Ka5 56. Re4 Bd7 57. Re5+ Bb5 58. Bd6 a3 59. Bxa3 Rg3+ 60. Kd4 Rxa3 61. Kd5 Kb6 62. Kd6 Rd3+ 63. Ke6 Kc6 64. Ke7 Bc4 65.
Kf6 Rf3+ 66. Kg5 Kd6 67. Re1 Bd5 68. Kg4 Rf8 69. Kg3 Kc5 70. Rd1 Kc4 71. Re1 Kd4 72. Kg4 Be4 73. Kg5 Ke5 74. Re3 Rg8+ 75. Kh6 Kf6 76.
Kh5 Kf5 0-1

[Event "Early-Titled-Tuesday-Blitz-March-19-2024"]
[Site "Chess.com"]
[Date "2024.03.19"]
[Round "4"]
[White "Gabix_94"]
[Black "cande_francisco"]
[Result "0-1"]
[WhiteElo "2759"]
[BlackElo "2531"]
[TimeControl "180+1"]
[EndTime "8:41:36 PDT"]
[Termination "cande_francisco won by checkmate"]

1. d4 Nf6 2. Nc3 d5 3. Bf4 e6 4. Nb5 Na6 5. e3 Be7 6. h4 c6 7. Nc3 Qb6 8. Rb1 c5 9. Nf3 cxd4 10. exd4 Bd7 11. Ne5 Rc8 12. h5 h6 13.
Be2 Nc7 14. O-O a6 15. Bg3 Bb5 16. Nxb5 Nxb5 17. c3 Nd6 18. Bh4 Qa5 19. Bd3 Rc7 20. Re1 O-O 21. a3 Nfe4 22. Bxe7 Rxe7 23. f3 Nf6 24. g4 Nd7 25. Kg2 Qc7 26. Bc2 Nc4 27. Qd3 Nf6 28. Re2 Rc8 29. Kh3 b5 30. a4 Kf8 31. axb5 axb5 32. Ra1 Rb8 33. b3 Nd6 34. Ra6 Rb6 35. Ra8+ Re8 36. Ra2 Rc8 37. Re3 Nde8 38.
Bb1 Nd6 39. Qd2 Rcb8 40. Rc2 Qd8 41. Rc1 Rc8 42. Bd3 Rbb8 43. Be2 Qb6 44. Kg2 Ke7 45. Bd3 b4 46. c4 Qxd4 47. Qe2 dxc4 48. Bxc4 Nxc4 49. bxc4 b3 50. Rd1 Qc5 51. f4 b2 52. Rb1 Qc7 53. g5 Qb7+ 54. Kh3 Ne8 55.
g6 f6 56. Nd3 Rc6 57. Rxb2 Qc7 58. Rxb8 Qxb8 59. Qf3 Qc8 60. f5 e5 61. Nb4 Rc5 62.
Nd5+ Kf8 63. Re4 Nd6 64. Rg4 Qxf5 65. Qa3 Qc8 66. Qa7 Rxc4 67. Qe7+ Kg8 68. Nxf6+ Kh8 69. Nd7 Rxg4 70. Kxg4 Ne4 71. Kf5 Ng3+ 72. Kxe5 Nxh5 73.
Nc5 Qg8 74. Ne6 Nf6 75. Kf4 Nd5+ 76. Ke5 Nxe7 77. Nxg7 Qd5+ 78. Kf6 Qd6+ 79. Ne6 Nd5+ 80. Kf7 Qe7# 0-1

[Event "Early-Titled-Tuesday-Blitz-March-19-2024"]
[Site "Chess.com"]
[Date "2024.03.19"]
[Round "4"]
[White "newauto"]
[Black "hsd2016"]
[Result "1-0"]
[WhiteElo "2141"]
[BlackElo "2316"]
[TimeControl "180+1"]
[EndTime "8:41:40 PDT"]
[Termination "newauto won by resignation"]

1. d4 d5 2. Nf3 Nf6 3. Bg5 c5 4. e3 cxd4 5. exd4 h6 6. Bh4 Nc6 7. c3 Bf5 8. Bd3 Bxd3 9. Qxd3 e6 10. O-O Be7 11. Nbd2 O-O 12. Rfe1 a6 13. Ne5 Nxe5 14.
dxe5 Nd7 15. Bg3 b5 16. a3 Qb6 17. Rad1 Rac8 18. Bf4 Bh4 19. Qf3 Rfe8 20. Be3 Qd8 21. Qg4 Nxe5 22. Qh5 Ng6 23. Nf3 Bf6 24. Qg4 Rc4 25.
Qg3 Qc7 26. Qxc7 Rxc7 27. Bd4 e5 28. Bb6 Rd7 29. g3 Re6 30. Bc5 Rc6 31. b4 Re6 32. h4 Ne7 33. Bxe7 Rexe7 34. Re2 Rc7 35. Rxd5 Rxc3 36. Nxe5 Bxe5 37. Rdxe5 Rxe5 38. Rxe5 Rxa3 39. Re8+ Kh7 40. h5 Ra4 41. Ra8 g6 42. Ra7 Kg7 43. hxg6 Kxg6 44. Kg2 Kf6 45. Kf3 Ke6 46. Kg2 f6 47.
Kf3 Kd5 48. Rf7 Ke5 49. Ra7 f5 50. Ke3 Ra3+ 51. Ke2 Ke4 52. Re7+ Kd4 53. Re6 Kc4 54. Rxh6 Kxb4 55. Rf6 a5 56. Rxf5 a4 57. g4 Ra1 58.
g5 Rg1 59. f4 a3 60. Rf7 a2 61. Ra7 Kb3 62. Kf2 a1=Q 63. Rxa1 Rxa1 64. g6 Ra6 65. f5 Ra7 66. f6 Ra6 67. f7 Rf6+ 68. Ke3 Kc4 69.
Ke4 b4 70. Ke5 Rf1 71. g7 Re1+ 72. Kd6 b3 73. g8=Q Rd1+ 74. Kc6 b2 75. f8=Q+ Kc3 76. Qf4 b1=Q 77. Qgg3+ Rd3 78. Qe5+ Kb3 79. Qg8+ Kc2 80.
Qg2+ Kb3 81. Qb5+ 1-0

[Event "Early-Titled-Tuesday-Blitz-March-19-2024"]
[Site "Chess.com"]
[Date "2024.03.19"]
[Round "4"]
[White "AryanTari"]
[Black "GodzillaChessYoutube"]
[Result "1-0"]
[WhiteElo "3004"]
[BlackElo "2660"]
[TimeControl "180+1"]
[EndTime "8:41:44 PDT"]
[Termination "AryanTari won by checkmate"]

1. e4 e5 2. Nf3 Nc6 3. Bb5 a6 4. Ba4 d6 5. Bxc6+ bxc6 6. d4 f6 7. c4 Bg4 8. Be3 Qb8 9. b3 Ne7 10. Nbd2 Ng6 11. h3 Bd7 12. Qc2 Be7 13. c5 O-O 14. cxd6 cxd6 15. O-O Kh8 16. Rfc1 d5 17. dxe5 fxe5 18. Bc5 Qe8 19. Bxe7 Qxe7 20. Qc5 Qf7 21. Rf1 Rae8 22. Rae1 Nf4 23. exd5 Nd3 24. Qd6 Nxe1 25. Rxe1 Qxd5 26. Qxd5 cxd5 27. Nxe5 Bf5 28. f4 Kg8 29. g4 Bc8 30. f5 Re7 31. Ndf3 Rfe8 32. Rc1 Bb7 33. Kf2 Rxe5 34. Nxe5 Rxe5 35. Rc7 d4 36. Rxb7 d3 37. Rd7 Re2+ 38. Kf3 Rh2 39. Rxd3 Rxa2 40. g5 Kf7 41. Rd7+ Kf8 42. f6 gxf6 43.
gxf6 Ra5 44. Kf4 Rh5 45. Kg4 Rh6 46. Rd6 a5 47. Ra6 Kf7 48. Rxa5 Rg6+ 49. Kf4 Rg1 50. Ra7+ Kxf6 51. Rxh7 Rb1 52. Rh6+ Kg7 53. Rb6 Rh1 54.
Kg4 Rg1+ 55. Kh5 Rh1 56. h4 Rd1 57. b4 Rd5+ 58. Kg4 Rd4+ 59. Kg5 Rd5+ 60. Kf4 Rd4+ 61.
Ke5 Rxh4 62. b5 Kf7 63. Kd6 Rc4 64. Rc6 Rd4+ 65. Kc7 Ke7 66. b6 Rd7+ 67. Kb8 Rd2 68. b7 Ra2 69. Kc7 Ra7 70. Kb6 Ra4 71. Rc5 Rb4+ 72. Rb5 Rc4 73. b8=Q Rc8 74. Qe5+ Kf7 75. Qf5+ Kg8 76. Qg6+ Kh8 77. Rh5# 1-0

[Event "Early-Titled-Tuesday-Blitz-March-19-2024"]
[Site "Chess.com"]
[Date "2024.03.19"]
[Round "4"]
[White "Andrei_Skvortsov"]
[Black "ccccvhhhj"]
[Result "1-0"]
[WhiteElo "2742"]
[BlackElo "2474"]
[TimeControl "180+1"]
[EndTime "8:41:45 PDT"]
[Termination "Andrei_Skvortsov won by resignation"]

1. e4 e6 2. d4 d5 3. exd5 exd5 4. Nf3 Nf6 5. Bd3 Bg4 6. O-O Be7 7. h3 Bh5 8. Bf4 O-O 9. Nbd2 c6 10. c3 Nbd7 11.
Re1 Re8 12. Qb3 b6 13. Ne5 Nxe5 14. Bxe5 Nd7 15. Bh2 Bg6 16. Bf1 Nf6 17. Nf3 Bd6 18. Ne5 c5 19. Bb5 Rf8 20. Bf4 Qc7 21. Bf1 Rfe8 22. Qa4 Re6 23. Nxg6 Rxe1 24. Rxe1 hxg6 25. Bxd6 Qxd6 26. dxc5 bxc5 27. b4 cxb4 28. Qxb4 Qb6 29. Rb1 Ne4 30. Rb2 Rc8 31. Qxb6 axb6 32. Rxb6 Rxc3 33.
f3 Nd2 34. Rb8+ Kh7 35. Bb5 Rc1+ 36. Kf2 Rb1 37. a4 Nc4 38. g4 Rb2+ 39. Ke1 g5 40.
Rd8 Ne5 41. Rxd5 Nxf3+ 42. Kd1 f6 43. Bd3+ Kg8 44. Bg6 Rb8 45. a5 Ne5 46. Bf5 Kf7 47. a6 Ra8 48. Ra5 Ra7 49. Be4 Ke7 50. Bb7 Kd6 51. Rd5+ Kc7 52. Ke2 Nf7 53. Ke3 Nd6 54. Rc5+ Kd7 55. Rd5 Kc7 56. Rc5+ Kd7 57. Bc6+ Kc7 58.
Bf3+ Kd7 59. Be2 Ke6 60. Ra5 Nc8 61. Ra4 Nb6 62. Re4+ Kd6 63. Kd4 Nd5 64. Re8 Nc7 65. Rg8 Nxa6 66. Rd8+ Ke6 67. Rg8 Nc7 68. Ke3 Ra4 69.
Rxg7 Nd5+ 70. Kf2 Ra2 71. Kf3 Ra3+ 72. Kf2 Ra2 73. Ke1 Nf4 74. Bc4+ Ke5 75. Bxa2 Nxh3 76. Ke2 Kf4 77. Be6 Ng1+ 78. Kf2 Nf3 79. Bf5 Nd4 80. Ra7 Nc2 81. Bxc2 1-0

[Event "Early-Titled-Tuesday-Blitz-March-19-2024"]
[Site "Chess.com"]
[Date "2024.03.19"]
[Round "4"]
[White "sorch29"]
[Black "willcab71"]
[Result "1-0"]
[WhiteElo "2494"]
[BlackElo "2122"]
[TimeControl "180+1"]
[EndTime "8:42:07 PDT"]
[Termination "sorch29 won by resignation"]

1. c4 Nf6 2. Nc3 g6 3. e4 d6 4. d4 Bg7 5. Be2 O-O 6. Be3 c5 7. e5 Ne8 8. dxc5 Bxe5 9. Nf3 Bg7 10. O-O Nc6 11. cxd6 Nxd6 12. Rc1 Qa5 13. Bd2 Qd8 14. a3 Nf5 15. b4 Ncd4 16. Nxd4 Nxd4 17. Be3 Nxe2+ 18. Qxe2 Be6 19. Rfd1 Qc8 20. Nb5 a6 21.
Nd4 Bd7 22. c5 e5 23. Nb3 e4 24. Bd4 Bg4 25. f3 exf3 26. gxf3 Re8 27. Qf2 Bh3 28.
Bxg7 Kxg7 29. Nd4 Qc7 30. Qg3 Qc8 31. Kf2 Bd7 32. Re1 Rxe1 33. Rxe1 Bc6 34. Qe5+ Kg8 35. Kg2 Qf8 36. Qe7 Qg7 37. Qe5 Qf8 38. Qd6 Qc8 39. Qe5 Qd8 40. Nxc6 bxc6 41. Re2 Qd3 42. Qe3 Qd5 43.
Qe4 Qd7 44. Re3 Rd8 45. Re2 Qd5 46. Qe3 Qd7 47. Qe4 Qd5 48. Qxd5 Rxd5 49. Re3 Rd2+ 50. Kg3 Ra2 51. h4 Kg7 52. Kf4 Kf6 53. Ke4 h6 54. Rd3 Ke7 55. Kf4 Rb2 56. Kg4 Ra2 57. Kg3 Rb2 58. Re3+ Kf6 59. Rd3 Ke7 60. Kf4 Kf6 61. Ke3 Ke6 62. Kd4 Rh2 63. Re3+ Kf6 64. Re4 Ra2 65. Re3 Rh2 66. Re4 Ra2 67. Rf4+ Ke6 68.
Re4+ Kd7 69. Rf4 f5 70. Ke5 Ke7 71. Rd4 Re2+ 72. Kf4 Ra2 73. Rd6 Kf7 74. Rxc6 Rxa3 75. Rb6 Ra4 76. c6 a5 77. c7 Rxb4+ 78. Rxb4 Ke7 79. c8=Q axb4 80. Qh8 Kf7 81. Qxh6 Kf6 82. Qg5+ Kf7 83. h5 b3 84. hxg6+ Ke6 85. Qxf5+ Kd6 86.
Qb1 Kc5 87. Ke5 Kb4 88. f4 Kc3 89. f5 b2 90. f6 Kb3 91. f7 Kc3 92. g7 1-0

[Event "Early-Titled-Tuesday-Blitz-March-19-2024"]
[Site "Chess.com"]
[Date "2024.03.19"]
[Round "4"]
[White "GnowReopard"]
[Black "ArmanGhevondyanchess"]
[Result "0-1"]
[WhiteElo "2795"]
[BlackElo "2596"]
[TimeControl "180+1"]
[EndTime "8:42:26 PDT"]
[Termination "ArmanGhevondyanchess won on time"]

1. e4 c5 2. Ne2 Nc6 3. Nbc3 g6 4.
d4 cxd4 5. Nxd4 Bg7 6. Be3 Nf6 7.
Bc4 O-O 8. Bb3 a5 9. O-O a4 10. Nxa4 Nxe4 11. Nb5 Ra6 12. c4 Na5 13. Bc2 Nd6 14. Nxd6 Rxd6 15. Qe2 Re6 16. Rad1 d6 17. Nc5 Re5 18. Nd3 Re6 19. b3 Nc6 20. Nf4 Re5 21.
Qd2 Bg4 22. Rb1 Bf5 23. Bxf5 Rxf5 24. Nd5 e6 25. Nc3 d5 26. cxd5 exd5 27. Bc5 Re8 28. Rbe1 d4 29. Bb6 Qd7 30. Ne4 Rfe5 31. Nc5 Qd5 32.
Nd3 Re4 33. Rxe4 Rxe4 34. Rc1 Bf6 35. Re1 Kg7 36. Rxe4 Qxe4 37. f3 Qd5 38. Bc7 Ne5 39. Bxe5 Bxe5 40. Qe2 Bf6 41. Kf2 h5 42. Qe4 Qa5 43.
Qe2 h4 44. a4 Qc7 45. b4 Qxh2 46. Qe4 Qg3+ 47. Kf1 h3 48. gxh3 Qxh3+ 49. Ke2 Qh2+ 50. Kd1 Qa2 51. a5 Qb3+ 52. Ke2 Qc2+ 53. Kf1 Qd1+ 54. Kg2 Qd2+ 55. Kh3 Qd1 56. Kg2 Qd2+ 57. Kh3 Qg5 58. Qg4 Qb5 59. Qe4 b6 60. Kg2 bxa5 61. bxa5 Qxa5 62.
f4 Qh5 63. Kg3 Bh4+ 64. Kg2 Qg4+ 65. Kf1 Qh3+ 66. Ke2 Qh2+ 67. Kd1 Bf6 68. Kc1 Qa2 69. Kd1 Qc4 70. Ke1 Qc3+ 71. Ke2 Qc2+ 72. Kf3 Qd2 73. f5 g5 74. Kg4 Qd1+ 75. Qf3 Qg1+ 76. Kh3 Qe3 77. Kg2 Qd2+ 78. Nf2 Be5 79. Kh3 Qf4 80. Kg2 Qxf3+ 81. Kxf3 f6 82. Ke4 Kh6 83. Ng4+ Kg7 84. Nf2 Kf7 85. Kd5 Ke7 86. Kc5 Kd7 87. Kd5 Kc7 88.
Ke4 Kd6 89. Nd3 g4 0-1

[Event "Early-Titled-Tuesday-Blitz-March-19-2024"]
[Site "Chess.com"]
[Date "2024.03.19"]
[Round "4"]
[White "SuperPower2011"]
[Black "Beca95"]
[Result "1/2-1/2"]
[WhiteElo "2776"]
[BlackElo "2981"]
[TimeControl "180+1"]
[EndTime "8:43:53 PDT"]
[Termination "Game drawn by stalemate"]

1. d4 Nf6 2. c4 c5 3. d5 e6 4. Nc3 exd5 5. cxd5 d6 6. e4 g6 7. f4 Bg7 8. Bb5+ Nfd7 9. a4 Na6 10. Nf3 Nb4 11.
O-O a6 12. Bxd7+ Bxd7 13. f5 O-O 14. Bg5 f6 15. Bf4 Qe7 16. fxg6 hxg6 17. Nh4 Kh7 18. Qf3 Bh6 19. Bxh6 Kxh6 20. Qg3 Rg8 21. Rf2 Raf8 22. Raf1 c4 23. Rf4 g5 24. Nf5+ Bxf5 25. Rxf5 Nd3 26.
Qf3 Kg7 27. h4 Ne5 28. Qg3 g4 29. Ne2 Rh8 30. Nf4 Rf7 31. Nh5+ Rxh5 32. Rxh5 b5 33. axb5 axb5 34. Rf4 Kg8 35. Rxg4+ Nxg4 36. Qxg4+ Rg7 37. Qc8+ Kf7 38. Qf5 Qe5 39. Qd7+ Qe7 40. Qxb5 Qxe4 41. Qd7+ Qe7 42. Qxe7+ Kxe7 43. Kf2 Kf7 44. Kf3 Kg6 45. Rh8 Rb7 46. Rc8 Rb3+ 47. Kg4 Rxb2 48. g3 f5+ 49.
Kh3 Rd2 50. Rxc4 Rxd5 51. Rf4 Rd2 52. Rf3 d5 53. h5+ Kg5 54. h6 Rd1 55. Kh2 Rd2+ 56. Kh3 Ra2 57. Rd3 Ra6 58. h7 Rh6+ 59. Kg2 Rxh7 60.
Rxd5 Rb7 61. Rd4 Rb3 62. Rf4 Rc3 63. Kf2 Rc5 64. Kg2 Re5 65. Rf2 Re4 66. Kh3 Re3 67.
Rf4 Re4 68. Rf1 f4 69. gxf4+ Kf5 70. Kg3 Re3+ 71. Rf3 Re4 72. Ra3 Re6 73. Kf3 Kf6 74. Ra5 Rc6 75. Kg4 Kg6 76. Rg5+ Kf6 77. Rh5 Kg6 78. f5+ Kg7 79. Kg5 Rb6 80. Rh2 Kg8 81. Rg2 Ra6 82. Rg4 Rb6 83. Rc4 Ra6 84. Rc7 Rb6 85.
Rd7 Ra6 86. Rd8+ Kf7 87. Rd7+ Kf8 88. Rd2 Kf7 89. Rh2 Kg7 90. Rh3 Rb6 91. Rd3 Rc6 92. Rd7+ Kg8 93. Re7 Kf8 94. Rh7 Rb6 95. Rh5 Ra6 96.
Rh1 Rb6 97. Ra1 Rc6 98. Ra8+ Kf7 99. Ra7+ Kf8 100. Rh7 Kg8 101. Rb7 Kf8 102. Rb1 Kf7 103. Re1 Rb6 104. Rd1 Ra6 105. Rd7+ Kf8 106. Rd5 Kf7 107. Rb5 Rc6 108. Ra5 Kf8 109. Ra7 Kg8 110. Ra8+ Kf7 111. Rb8 Ra6 112. Rb5 Rc6 113. Ra5 Rb6 114. f6 Rb1 115. Ra7+ Kf8 116. Ra4 Rg1+ 117. Kf5 Rf1+ 118. Ke5 Re1+ 119. Re4 Rxe4+ 120.
Kxe4 Kf7 121. Kf5 Kf8 122. Ke6 Ke8 123. f7+ Kf8 124. Kf6 1/2-1/2

[Event "Early-Titled-Tuesday-Blitz-March-19-2024"]
[Site "Chess.com"]
[Date "2024.03.19"]
[Round "5"]
[White "ChessQueen"]
[Black "ajedrezsinlimites"]
[Result "1-0"]
[WhiteElo "2755"]
[BlackElo "2608"]
[TimeControl "180+1"]
[EndTime "8:51:01 PDT"]
[Termination "ChessQueen won by resignation"]

1. e4 c6 2. c4 d5 3. cxd5 cxd5 4. exd5 Qxd5 5. Nc3 Qd8 6. d4 Nf6 7. Nf3 e6 8. Bd3 Be7 9. O-O O-O 10. Bg5 b6 11.
Bxf6 Bxf6 12. Be4 Ba6 13. Bxa8 1-0

[Event "Early-Titled-Tuesday-Blitz-March-19-2024"]
[Site "Chess.com"]
[Date "2024.03.19"]
[Round "5"]
[White "Seochesspie"]
[Black "ulises2013"]
[Result "1-0"]
[WhiteElo "2894"]
[BlackElo "2702"]
[TimeControl "180+1"]
[EndTime "8:52:54 PDT"]
[Termination "Seochesspie won by resignation"]

1. e4 g6 2. d4 Bg7 3. c4 c5 4. d5 d6 5. Bd3 e5 6. Nc3 Ne7 7.
h4 h6 8. h5 g5 9. g4 O-O 10. f3 Na6 11. Nge2 Nc7 12. a3 a5 13. Rb1 Bd7 14. Be3 b6 15. b4 axb4 16. axb4 Ra3 17.
O-O Qa8 18. Qd2 f6 19. bxc5 bxc5 20. Rb6 Ra6 21. Rfb1 Nc8 22. Rb8 Qa7 23. R8b7 1-0

[Event "Early-Titled-Tuesday-Blitz-March-19-2024"]
[Site "Chess.com"]
[Date "2024.03.19"]
[Round "5"]
[White "FREDERICKtheMATE"]
[Black "missponyo10"]
[Result "1-0"]
[WhiteElo "2689"]
[BlackElo "2245"]
[TimeControl "180+1"]
[EndTime "8:53:09 PDT"]
[Termination "FREDERICKtheMATE won by checkmate"]

1. d4 Nf6 2. Nf3 d5 3. c4 c6 4.
Nc3 e6 5. e3 Nbd7 6. Be2 Bd6 7. O-O O-O 8. Qc2 b6 9. b3 Bb7 10. Bb2 Qe7 11. Rad1 Rac8 12. e4 dxe4 13. Nxe4 Nxe4 14. Qxe4 Nf6 15. Qc2 c5 16. dxc5 Bxc5 17. Ne5 Rfd8 18. Bd3 h6 19. h3 Ba8 20. Kh2 Qb7 21. f4 b5 22. f5 bxc4 23. Bxc4 Rxd1 24. Rxd1 Qc7 25. fxe6 Bd6 26. exf7+ Kf8 27. Rxd6 Qxd6 28. Ba3 Qxa3 29. Ng6# 1-0

[Event "Early-Titled-Tuesday-Blitz-March-19-2024"]
[Site "Chess.com"]
[Date "2024.03.19"]
[Round "5"]
[White "LeoWin2012"]
[Black "ArchibaldCerveza29"]
[Result "1-0"]
[WhiteElo "2219"]
[BlackElo "2408"]
[TimeControl "180+1"]
[EndTime "8:53:34 PDT"]
[Termination "LeoWin2012 won by resignation"]

1. e4 e5 2. Nf3 Nf6 3. Nxe5 d6 4. Nf3 Nxe4 5. d4 d5 6. Bd3 Bd6 7. O-O O-O 8. c4 c6 9. cxd5 cxd5 10. Nc3 Re8 11.
Re1 Nxc3 12. bxc3 h6 13. Bd2 Nd7 14. Qc2 Nb6 15. Rxe8+ Qxe8 16. Re1 Qd8 17. Ne5 Qf6 18. Nc4 dxc4 19. Re8+ Bf8 20. Bh7+ 1-0

[Event "Early-Titled-Tuesday-Blitz-March-19-2024"]
[Site "Chess.com"]
[Date "2024.03.19"]
[Round "5"]
[White "Eliwood44"]
[Black "le-castor-faineant"]
[Result "1-0"]
[WhiteElo "2525"]
[BlackElo "2288"]
[TimeControl "180+1"]
[EndTime "8:53:35 PDT"]
[Termination "Eliwood44 won by resignation"]

1. d4 Nf6 2. c4 g6 3. Nf3 Bg7 4. e3 d6 5. Be2 O-O 6. O-O Nbd7 7. Nc3 e5 8. b4 a5 9. b5 c6 10. a4 Qe7 11. Ba3 c5 12. dxc5 dxc5 13. Nd5 Nxd5 14. cxd5 e4 15. Nd2 Bxa1 16. Qxa1 b6 17. Qb1 Nf6 18.
Bc4 Bb7 19. Qb3 Rad8 20. Bb2 Bxd5 21. Bxf6 Qxf6 22. Bxd5 Qd6 23. Nxe4 Qxd5 24. Nf6+ 1-0

[Event "Early-Titled-Tuesday-Blitz-March-19-2024"]
[Site "Chess.com"]
[Date "2024.03.19"]
[Round "5"]
[White "guillembaches"]
[Black "AktilekAskarovich"]
[Result "1-0"]
[WhiteElo "2556"]
[BlackElo "2363"]
[TimeControl "180+1"]
[EndTime "8:53:37 PDT"]
[Termination "guillembaches won by resignation"]

1. d4 Nf6 2. Nf3 e6 3. Bg5 h6 4.
Bh4 Be7 5. Nbd2 d5 6. e3 O-O 7. Bd3 c5 8. c3 b6 9. Ne5 Nfd7 10.
Bxe7 Qxe7 11. f4 Nxe5 12. fxe5 f6 13. exf6 Rxf6 14. Nf3 Nd7 15. Bb5 Nf8 16. O-O a6 17. Ba4 Bd7 18. Bc2 Be8 19. Ne5 Rxf1+ 20. Qxf1 Qf6 21. Qd3 c4 22. Qd2 Bg6 23. Rf1 Bxc2 24. Rxf6 gxf6 25. Ng4 1-0

[Event "Early-Titled-Tuesday-Blitz-March-19-2024"]
[Site "Chess.com"]
[Date "2024.03.19"]
[Round "5"]
[White "KVAIDAN"]
[Black "Revan_2002"]
[Result "0-1"]
[WhiteElo "2331"]
[BlackElo "2581"]
[TimeControl "180+1"]
[EndTime "8:53:50 PDT"]
[Termination "Revan_2002 won by resignation"]

1. f4 c5 2. Nf3 Nc6 3. b3 Nf6 4. Bb2 g6 5. e4 d6 6. Bb5 Bg7 7. Bxc6+ bxc6 8. O-O O-O 9. d3 a5 10. a4 Bg4 11. Qe1 Rb8 12. Na3 Bxf3 13. Rxf3 Nh5 14. Bxg7 Kxg7 15. Nc4 Ra8 16. Qc3+ Nf6 17.
g4 Kg8 18. g5 Nh5 19. Ne3 e5 20. Ng4 Nxf4 21. Nf6+ Qxf6 22. gxf6 Ne2+ 23. Kf2 Nxc3 24. h4 d5 25. Ke3 d4+ 26. Kf2 h5 27. Rg3 Rfe8 28. Rg5 Re6 29. Ke1 Rae8 30. Kd2 Rxf6 31. Kc1 Rf4 32. Kb2 Rxh4 33. Rf1 Kg7 0-1